 Dungeon Crawl Stone Soup version 0.28.0-1-gb440e238dd (webtiles) character file.

Game seed: 13632483878129014563

55 mcwallace the Shield-Bearer (level 3, -1/26 HPs)
             Began as a Gnoll Wanderer on Feb 21, 2022.
             Slain by a gnoll (2 damage)
             ... on level 2 of the Dungeon.
             The game lasted 00:02:01 (951 turns).

mcwallace the Shield-Bearer (Gnoll Wanderer)         Turns: 951, Time: 00:02:01

Health: -1/26      AC:  5    Str: 15    XL:     3   Next: 93%
Magic:  9/9        EV: 11    Int: 10    God:
Gold:   52         SH:  5    Dex: 10    Spells: 11/12 levels left

rFire   . . .      SeeInvis .   f - +0 whip (elec) {mace}
rCold   . . .      Faith    .   c - +0 buckler
rNeg    . . .      Spirit   .   d - +0 leather armour
rPois   .          Reflect  .   k - +1 helmet
rElec   .          Harm     .   (no cloak)
rCorr   .          Rampage  .   (no gloves)
Will    .....                   (no boots)
Stlth   ++........              (no amulet)
HPRegen 0.08/turn               (no ring)
MPRegen 0.11/turn               (no ring)

@: no status effects
A: fangs 1, strong nose, distributed training
a: no special abilities


You were on level 2 of the Dungeon.
You visited 1 branch of the dungeon, and saw 2 of its levels.

You collected 52 gold pieces.


Innate Abilities, Weirdness & Mutations

You have very sharp teeth.
Your uncanny sense of smell can sniff out nearby items.
Your experience applies equally to all skills.


   Skills:
 + Level 1.0 Fighting
 + Level 1.0 Short Blades
 + Level 1.0 Long Blades
 + Level 1.0 Axes
 + Level 1.0 Maces & Flails
 + Level 1.0 Polearms
 + Level 1.0 Staves
 + Level 1.0 Slings
 + Level 1.0 Bows
 + Level 6.5 Crossbows
 + Level 1.0 Throwing
 + Level 1.0 Armour
 + Level 1.0 Dodging
 + Level 2.4 Stealth
 + Level 6.5 Shields
 + Level 1.0 Unarmed Combat
 + Level 5.0 Spellcasting
 + Level 0.7 Conjurations
 + Level 0.7 Hexes
 + Level 0.7 Summonings
 + Level 0.7 Necromancy
 + Level 0.7 Translocations
 + Level 2.1 Transmutations
 + Level 0.7 Fire Magic
 + Level 0.7 Ice Magic
 + Level 0.7 Air Magic
 + Level 0.7 Earth Magic
 + Level 0.7 Poison Magic
 + Level 1.0 Invocations
 + Level 1.0 Evocations


You had 11 spell levels left.
You knew the following spells:

 Your Spells              Type           Power      Damage    Failure   Level
a - Beastly Appendage     Tmut           12%        N/A       14%         1

Your spell library contained the following spells:

 Spells                   Type           Power      Damage    Failure   Level
 Spider Form              Tmut/Pois      5%         N/A       52%         3

Inventory:

Hand Weapons
 a - a +2 hand crossbow {crossbow}
 f - a +0 whip of electrocution (weapon) {mace}
   (You found it on level 1 of the Dungeon)
Missiles
 e - 44 stones {throwing}
 g - 18 arrows
Armour
 c - a +0 buckler (worn)
 d - a +0 leather armour (worn)
 k - a +1 helmet (worn)
   (You found it on level 2 of the Dungeon)
Scrolls
 h - a scroll of noise {unknown}
 j - a scroll of magic mapping {unknown}
 l - a scroll of fear {unknown}
 m - a scroll of identify {unknown}
Potions
 i - a potion of curing {unknown}

Dungeon Overview and Level Annotations

Branches:
Dungeon (2/15)

Altars:
Xom

Shops:
D:1

[ ._ ###..(..# .. ##..#(...(#
.. ......>...# #.. ......#
####### #.# .(.(..# ......# #.#
(.(...#
######....#..########.##).(...#
....#......#....##............#
...........##...@gg#..g......##
..............####.#.g......##
.............. ###.#....<......
.............# #...gā€
.......... ............#
###..#.......... ............#
###....##..... ....<......##
###.^......$ ....#.....##
#####.#.# ##...###### #


You could see 2 gnolls.


Message History

You shoot a bolt. The bolt hits the frilled lizard.
You kill the frilled lizard!
k - a +1 helmet You start putting on your armour.
You continue putting on your +1 helmet. x4
You finish putting on your +1 helmet.
Found a stone staircase leading up.
b - 14 bolts (gained 1)
A bat comes into view.
A bat is nearby!
You shoot a bolt.
The bolt hits the bat but does no damage.
You shoot a bolt. The bolt closely misses the bat.
The bat hits you but does no damage.
You shoot a bolt. The bolt hits the bat!
You kill the bat!
An endoplasm comes into view.
Things that are here:
a bolt; a bat corpse An endoplasm is nearby!
An endoplasm is nearby!
You shoot a bolt.
The bolt hits the endoplasm but does no damage.
The endoplasm quivers.
You shoot a bolt. The bolt hits the endoplasm!
You kill the endoplasm!
b - 10 bolts (gained 1)
You see here a bat corpse.
Found a stone staircase leading down.
No target in view!
No target in view!
l - a scroll labelled HAKITE HEOC
m - a scroll labelled XIAGGI JOLUWU A gnoll comes into view.
It is wielding a +0 flail.
A gnoll is nearby!
A gnoll is nearby!
A gnoll is nearby!
A gnoll is nearby!
You shoot a bolt. The bolt hits the gnoll.
The gnoll shouts!
You hear a shout!
You shoot a bolt. The bolt barely misses the gnoll.
A gnoll comes into view. It is wielding a +0 spear.
You shoot a bolt. The bolt hits the gnoll.
You shoot a bolt. The bolt completely misses the gnoll.
The bolt barely misses the gnoll.
A gnoll comes into view. It is wielding a +0 halberd.
You shoot a bolt. The gnoll shouts!
The bolt hits the gnoll.
The gnoll hits you but does no damage. The gnoll barely misses you.
You shoot a bolt. The bolt closely misses the gnoll.
You block the gnoll's attack. x2
You shoot a bolt. The bolt completely misses the gnoll.
You block the gnoll's attack. The gnoll barely misses you.
You shoot a bolt. The bolt hits the gnoll!
You kill the gnoll!
The gnoll hits you from afar with a +0 spear.
Your Fighting skill increases to level 1!
Your Short Blades skill increases to level 1!
Your Long Blades skill increases to level 1!
Your Axes skill increases to level 1!
Your Maces & Flails skill increases to level 1!
Your Polearms skill increases to level 1!
Your Staves skill increases to level 1!
Your Slings skill increases to level 1!
Your Bows skill increases to level 1!
Your Throwing skill increases to level 1!
Your Armour skill increases to level 1!
Your Dodging skill increases to level 1!
Your Unarmed Combat skill increases to level 1!
Your Evocations skill increases to level 1! šŸ˜• HP[-1]
You now have 26 max hp (+1).
You shoot a bolt. The bolt barely misses the gnoll.
The gnoll barely misses you.
The gnoll drinks a potion.
The gnoll seems to grow stronger. šŸ˜• HP[+1]
You shoot a bolt. The bolt hits the gnoll!
The gnoll closely misses you.
The gnoll hits you from afar with a +0 halberd.
The gnoll hits you from afar with a +0 spear.
You block the gnoll's attack. šŸ˜® HP[-7]
You take 7 damage, and now have 18/26 hp.
MASSIVE DAMAGE!! (PAUSE) Nothing quivered!
Nothing quivered!
Nothing quivered!
You hear the crackle of electricity.
f - a +0 whip of electrocution (weapon)
{mace} The gnoll misses you. šŸ˜® HP[+1]
The gnoll barely misses you.
The gnoll hits you from afar with a +0 spear.
* * * LOW HITPOINT WARNING * * *
šŸ˜Ø HP[-6]
You take 6 damage, and now have 13/26 hp.
MASSIVE DAMAGE!! (PAUSE)
You closely miss the gnoll. The gnoll hits you with a +0 halberd!
* * * LOW HITPOINT WARNING * * *
The gnoll hits you from afar with a +0 spear.
You die...

Skill      XL: |  1  2  3 |
---------------+----------+-----
Transmutations | 2 |  2.1
Spellcasting   | 5 |  5.0
Invocations    | 1 |  1.0
Fighting       | 1 |  1.0
Short Blades   | 1 |  1.0
Long Blades    | 1 |  1.0
Axes           | 1 |  1.0
Maces & Flails | 1 |  1.0
Polearms       | 1 |  1.0
Staves         | 1 |  1.0
Slings         | 1 |  1.0
Bows           | 1 |  1.0
Throwing       | 1 |  1.0
Armour         | 1 |  1.0
Dodging        | 1 |  1.0
Unarmed Combat | 1 |  1.0
Evocations     | 1 |  1.0
Crossbows      | |  6.5
Stealth        | |  2.4
Shields        | |  6.5
Conjurations   | |  0.7
Hexes          | |  0.7
Summonings     | |  0.7
Necromancy     | |  0.7
Translocations | |  0.7
Fire Magic     | |  0.7
Ice Magic      | |  0.7
Air Magic      | |  0.7
Earth Magic    | |  0.7
Poison Magic   | |  0.7

Action                   || total
-------------------------++-------
Melee: Whip              ||     1
 Fire: Hand crossbow     ||   101
Armor: Leather armour    ||     9
Dodge: Dodged            ||    14
Block: Buckler           ||     7

Levels and vault maps discovered:
D:1:      minmay_arrival_up_and_down, layout_loops_ring, serial_shops,
          nicolae_shop_waterfront, basic_ecumenical_altar, minmay_pentomino_o2
D:2:      minmay_skewed_foursquare, layout_rooms, basic_altar,
          chequers_decorated_corner

Notes
Turn   | Place    | Note
-------+----------+-------------------------------------------
     0 | D:1      | mcwallace the Gnoll Wanderer began the quest for the Orb.
     0 | D:1      | mcwallace set off with the following items: a +2 hand
                  | crossbow {crossbow}, 24 bolts, a +0 buckler, a +0 leather
                  | armour; and the following spell memorised: Beastly
                  | Appendage; and the following spells available to memorise:
                  | Spider Form
     0 | D:1      | Reached XP level 1. HP: 13/13 MP: 6/6
     0 | D:1      | magus.rc [v1.9.6]
    25 | D:1      | Found a faded altar of an unknown god.
    31 | D:1      | Reached skill level 2 in Transmutations
    35 | D:1      | Reached XP level 2. HP: 16/19 MP: 7/7
   300 | D:1      | Reached XP level 3. HP: 25/25 MP: 9/9
   339 | D:1      | Reached skill level 5 in Spellcasting
   470 | D:1      | Found Deehihuzaf's Antique Armour Emporium.
   586 | D:1      | Reached skill level 1 in Invocations
   892 | D:2      | Found a shimmering altar of Xom.
   936 | D:2      | Reached skill level 1 in Fighting
   936 | D:2      | Reached skill level 1 in Short Blades
   936 | D:2      | Reached skill level 1 in Long Blades
   936 | D:2      | Reached skill level 1 in Axes
   936 | D:2      | Reached skill level 1 in Maces & Flails
   936 | D:2      | Reached skill level 1 in Polearms
   936 | D:2      | Reached skill level 1 in Staves
   936 | D:2      | Reached skill level 1 in Slings
   936 | D:2      | Reached skill level 1 in Bows
   936 | D:2      | Reached skill level 1 in Throwing
   936 | D:2      | Reached skill level 1 in Armour
   936 | D:2      | Reached skill level 1 in Dodging
   936 | D:2      | Reached skill level 1 in Unarmed Combat
   936 | D:2      | Reached skill level 1 in Evocations
   951 | D:2      | HP: 1/26 [gnoll (12)]
   951 | D:2      | Slain by a gnoll

Vanquished Creatures
  A gnoll (D:2)
  7 endoplasms
  4 goblins (D:1)
  3 hobgoblins (D:1)
  7 jackals (D:1)
  2 quokkas (D:1)
  4 ball pythons (D:1)
  3 bats
  3 frilled lizards
  4 kobolds
  4 rats (D:1)
42 creatures vanquished.

Table legend:
 A = Non-vault XP
 B = Vault XP
 C = Vault XP percentage of total XP
 D = Non-vault monster count
 E = Vault monster count
 F = Vault count percentage of total count
                 A         B        C        D         E       F
            +---------+---------+-------+---------+---------+-------
      Total |      77 |       2 |   2.5 |      41 |       1 |   2.4
            +---------+---------+-------+---------+---------+-------
        D:1 |      58 |       2 |   3.3 |      36 |       1 |   2.7
        D:2 |      19 |       0 |   0.0 |       5 |       0 |   0.0
            +---------+---------+-------+---------+---------+-------

Illustrated notes

Table legend:
 A = Kills in this place as a percentage of kills in entire the game.
 B = Kills by you in this place as a percentage of kills by you in the entire game.
 C = Kills by friends in this place as a percentage of kills by friends in the entire game.
 D = Other kills in this place as a percentage of other kills in the entire game.
 E = Experience gained in this place as a percentage of experience gained in the entire game.
 F = Experience gained in this place divided by the number of levels of this place that you have seen.
                   A       B       C       D       E      F
               +-------+-------+-------+-------+-------+----------------------
         Total | 100.0 | 100.0 |   N/A |   N/A | 100.0 |  39.5
       Dungeon | 100.0 | 100.0 |   N/A |   N/A | 100.0 |  39.5
               +-------+-------+-------+-------+-------+----------------------

Table legend: (Time is in decaauts)
 A = Elapsed time spent in this place.
 B = Non-inter-level travel time spent in this place.
 C = Inter-level travel time spent in this place.
 D = Time resting spent in this place.
 E = Time spent auto-exploring this place.
 F = Levels seen in this place.
 G = Mean time per level.
                   A        B        C        D        E       F      G
               +--------+--------+--------+--------+--------+-----+--------+
         Total |    972 |    929 |     43 |      0 |    711 |   2 |  486.0 |
       Dungeon |    972 |    929 |     43 |      0 |    711 |   2 |  486.0 |
               +--------+--------+--------+--------+--------+-----+--------+

Top non-repeatable levels by time:
     D:1: 887 daAuts
     D:2: 84 daAuts
